 Dungeon Crawl Stone Soup version 0.27.0 (webtiles) character file.

Game seed: 1624037788055890223

1228 inmateoo the Ruffian (level 8, -13/75 HPs)
             Began as a Troll Transmuter on July 31, 2021.
             Was a Follower of Cheibriados.
             Mangled by an ogre (15 damage)
             ... on level 6 of the Dungeon.
             The game lasted 00:05:51 (3631 turns).

inmateoo the Ruffian (Troll Transmuter)             Turns: 3631, Time: 00:05:52

Health: -13/75     AC:  5    Str: 22    XL:     8   Next: 23%
Magic:  10/11      EV: 11    Int: 14    God:    Cheibriados [*.....]
Gold:   104        SH:  0    Dex: 13    Spells: 6/12 levels left

rFire    + . .     SeeInvis .     - Unarmed
rCold    + . .     Faith    .   (no shield)
rNeg     + . .     Spirit   .   a - +1 robe
rPois    +         Reflect  .   (helmet currently unavailable)
rElec    .         Harm     .   i - scarf {rC+ rF+}
rCorr    .         Rampage  .   (gloves unavailable)
Will     .....                  (boots unavailable)
Stlth    +.........             (no amulet)
HPRegen  1.22/turn              g - ring of poison resistance
MPRegen  0.12/turn              m - ring of positive energy

@: appendages, very slow
A: horns 2, talons 2, large, unfitting armour, claws 3, regeneration 1, shaggy
fur 1, tough skin 1
a: End Transformation, Renounce Religion, Bend Time


You were on level 6 of the Dungeon.
You worshipped Cheibriados.
Cheibriados was aware of your devotion.
You had temporarily grown beastly horns and talons.
You visited 2 branches of the dungeon, and saw 7 of its levels.

You collected 228 gold pieces.
You spent 124 gold pieces at shops.

Inventory:

Missiles
 h - 5 large rocks (quivered)
Armour
 a - a +1 robe (worn)
 i - a scarf of resistance (worn)
Jewellery
 g - a ring of poison resistance (left claw)
 m - a ring of positive energy (right claw)
Wands
 s - a wand of iceblast (4)
Scrolls
 c - a scroll of teleportation
 k - a scroll of amnesia
 o - a scroll of silence
 r - a scroll of magic mapping
Potions
 b - 2 potions of attraction
 d - 3 potions of curing
 e - 2 potions of degeneration {unknown}
 f - a potion of invisibility {unknown}
 j - a potion of ambrosia {unknown}
 l - a potion of brilliance {unknown}
 n - a potion of resistance {unknown}
 q - a potion of heal wounds


   Skills:
 + Level 3.5 Fighting
 + Level 3.7 Dodging
 * Level 6.9 Unarmed Combat
 + Level 2.9 Spellcasting
 + Level 2.0 Transmutations


You had 6 spell levels left.
You knew the following spells:

 Your Spells              Type           Power      Damage    Failure   Level
a - Beastly Appendage     Tmut           14%        N/A       10%         1
b - Wereblood             Tmut           7%         N/A       14%         2
c - Spider Form           Tmut/Pois      2%         N/A       41%         3

Your spell library contained the following spells:

 Spells                   Type           Power      Damage    Failure   Level
 Ice Form                 Ice/Tmut       4%         N/A       82%         4
 Cause Fear               Hex            1%         N/A       91%         4
 Dragon Form              Tmut           3%         N/A       100%        7
 Dragon's Call            Summ           1%         N/A       100%        9


Dungeon Overview and Level Annotations

Branches:
Dungeon (6/15)             Temple (1/1) D:4

Altars:
Cheibriados
Dithmenos
Gozag
Kikubaaqudgha
Makhleb
Okawaru
Sif Muna
Trog
Uskayaw
Vehumet
Wu Jian
Xom
Zin
The Shining One

Shops:
D:1 *   D:4 ((=:*


Innate Abilities, Weirdness & Mutations

You have temporarily grown beastly horns and talons.
You are too large for most types of armour.
You have claws for hands.
Your natural rate of healing is unusually fast.
You are covered in fur. (AC +1)
You have tough skin. (AC +1)


Message History

The hound is severely wounded.
The hound closely misses you.
The orc wizard hits you with a +3 dagger of holy wrath.
You feel much better. The hound bites you.
An orc warrior comes into view. It is wielding a +0 halberd.
The hound bites you.
The orc wizard hits you but does no damage.
Casting: Beastly Appendage (safe; 10% risk of failure)
Confirm with . or Enter, or press ? or * to list all spells.
You grow a pair of large bovine horns.
Your feet morph into talons.
The hound barely misses you.
The orc wizard hits you with a +3 dagger of holy wrath.
An orc wizard comes into view. It is wielding a +0 dagger.
Unknown command.
You mangle the hound!!
You kill the hound!
Cheibriados appreciates the change of pace.
An orc comes into view. It is wielding a +0 club.
The orc wizard points at you and mumbles some strange words.
The magic dart hits you.
Your Transmutations skill increases to level 2!
Casting: Beastly Appendage (safe; 10% risk of failure)
Confirm with . or Enter, or press ? or * to list all spells.
Okay, then.
You scratch the ogre.
The ogre is moderately wounded.
The ogre hits you with a +0 giant club!
The orc warrior hits you from afar with a +0 halberd!
* * * LOW HITPOINT WARNING * * *
Unknown command.
You barely miss the ogre. Your kick misses the ogre.
The ogre is moderately wounded.
The sentinel's mark upon you fades away.
The orc wizard points at you and mumbles some strange words.
The magic dart hits you.
* * * LOW HITPOINT WARNING * * *
The orc warrior hits you from afar with a +0 halberd.
* * * LOW HITPOINT WARNING * * *
The ogre hits you with a +0 giant club!
You die...

#......#
#.##(#.#
#.##...# #
#.####.###.#
##.#........#
.........####
###..##..#
..##...##).#
......oYo@.#
.###..o##O#
#....#o#
............#
#######...###
#...# #...#
#.h.. #...##


You could see an orc warrior, an ice beast, an ogre, 2 orc wizards and an orc.

Vanquished Creatures
  2 water moccasins (D:6)
  A sky beast (D:5)
  A phantom (D:6)
  A bullfrog (D:3)
  3 scorpions
  A hound (D:6)
  2 jellies
  4 orc priests
  A bullfrog skeleton (D:4)
  A gnoll shaman (D:5)
  4 iguanas
  An orc wizard (D:4)
  A howler monkey skeleton (D:6)
  5 adders
  8 gnolls
  2 adder skeletons (D:4)
  2 worms
  A dart slug (D:1)
  11 orcs
  4 ball pythons
  7 endoplasms
  2 giant cockroaches
  8 goblins
  4 hobgoblins
  19 jackals
  7 kobolds
  2 quokkas
  A frilled lizard (D:1)
  4 rats
110 creatures vanquished.

Notes
Turn   | Place    | Note
-------+----------+-------------------------------------------
     0 | D:1      | inmateoo the Troll Transmuter began the quest for the Orb.
     0 | D:1      | Reached XP level 1. HP: 18/18 MP: 1/1
    86 | D:1      | Reached skill level 1 in Fighting
   104 | D:1      | Reached XP level 2. HP: 27/27 MP: 2/2
   128 | D:1      | Found a faded altar of an unknown god.
   219 | D:1      | Found Viny's Assorted Antiques.
   229 | D:1      | Bought a scroll labelled ZEL CEIWKIDGHIH for 17 gold pieces
   229 | D:1      | Bought a scroll labelled XIUCYCREEXE for 17 gold pieces
   545 | D:2      | Reached XP level 3. HP: 31/33 MP: 2/4
   713 | D:2      | Reached skill level 4 in Unarmed Combat
   824 | D:2      | Reached XP level 4. HP: 38/41 MP: 5/5
  1618 | D:3      | Noticed a bullfrog
  1627 | D:3      | Killed a bullfrog
  1628 | D:3      | Reached XP level 5. HP: 40/49 MP: 6/6
  1631 | D:3      | Learned a level 2 spell: Wereblood
  1635 | D:3      | Learned a level 3 spell: Spider Form
  2133 | D:4      | Found a glowing golden altar of the Shining One.
  2234 | D:4      | Reached skill level 5 in Unarmed Combat
  2234 | D:4      | Reached XP level 6. HP: 57/57 MP: 6/8
  2347 | D:4      | Found Sasaid's General Store.
  2368 | D:4      | Bought a potion of curing for 36 gold pieces
  2368 | D:4      | Bought a scroll of magic mapping for 42 gold pieces
  2539 | D:4      | Found Cyrchireo's Antique Weapon Emporium.
  2549 | D:4      | Found a staircase to the Ecumenical Temple.
  2565 | Temple   | Entered the Ecumenical Temple
  2616 | Temple   | Became a worshipper of Cheibriados the Contemplative
  2627 | D:4      | Found Vetwy's Weapon Shop.
  2629 | D:4      | Found Samymas's Jewellery Shop.
  2683 | D:4      | Bought a scroll of noise for 12 gold pieces
  2699 | D:4      | Found an ornate altar of the Wu Jian Council.
  2852 | D:4      | Reached XP level 7. HP: 58/66 MP: 9/9
  2869 | D:4      | Reached * piety under Cheibriados
  2879 | D:4      | Found Wevuomu's Book Emporium.
  2987 | D:5      | Entered Level 5 of the Dungeon
  3182 | D:5      | Reached skill level 6 in Unarmed Combat
  3614 | D:6      | Reached XP level 8. HP: 73/75 MP: 9/11
  3631 | D:6      | HP: 2/75 [orc warrior (4)]
  3631 | D:6      | Mangled by an ogre

Illustrated notes

Levels and vault maps discovered:
D:1:      tarquinn_simple_flora_water_a, layout_rooms, serial_shops,
          nicolae_lakefront_shop, chequers_ecumenical_altar_simple_redux
D:2:      layout_basic, hex_medium
D:3:      layout_loops_ring
D:4:      layout_basic, mainiacjoe_overflow_brackets,
          nicolae_tso_carved_into_rock, minmay_temple_entry_statues_fountains,
          serial_shops, shop, nicolae_shop_trees, kennysheep_mini_moat,
          nicolae_shop_trees, nicolae_shop_competitors_out_of_business,
          hangedman_decor_slide_cut, grunt_decor_one_mirror, minmay_cupped
D:5:      layout_cave_pools, st_stairs_6
D:6:      layout_loops_cross, minivault_14, grunt_ministairs_3
Temple:   regret_index_temple_mists

Skill      XL: |  1  2  3  4  5  6  7  8 |
---------------+-------------------------+-----
Fighting       | 1 2 3 |  3.5
Unarmed Combat | 4 5 6 |  6.9
Dodging        | 2 3 |  3.7
Spellcasting   | 2 |  2.9
Transmutations | 2 |  2.0

Action                   |  1- 3 |  4- 6 |  7- 9 || total
-------------------------+-------+-------+-------++-------
Melee: Unarmed           |    63 |   152 |    90 ||   305
       Kick              |     1 |       |     5 ||     6
       Headbutt          |     1 |       |     3 ||     4
       Punch             |     1 |       |       ||     1
 Cast: Beastly Appendage |     1 |       |     4 ||     5
  Use: Scroll            |     5 |     3 |     4 ||    12
       Potion            |       |       |     1 ||     1
 Stab: Sleeping          |     1 |       |       ||     1
       Distracted        |       |     1 |       ||     1
Armor: Robe              |    16 |    43 |    27 ||    86
Dodge: Dodged            |    27 |    69 |    31 ||   127
